 Dungeon Crawl Stone Soup version 0.29.0-15-g675c0067aa (webtiles) character file.

Game seed: 14339378451042800747

10 qw the Sneak (level 2, 0/19 HPs)
             Began as a Gargoyle Delver on Sept 11, 2022.
             Slain by a jelly (2 damage)
             ... on level 2 of the Dungeon.
             The game lasted 00:00:05 (430 turns).

qw the Sneak (Gargoyle Delver)                       Turns: 430, Time: 00:00:06

Health: 0/19       AC:  1    Str: 15    XL:     2   Next: 20%
Magic:  2/2        EV: 11    Int: 10    God:
Gold:   20         SH:  0    Dex: 11    Spells: 1/1 levels left

rFire   . . .      SeeInvis .   Y - +0 hand axe
rCold   . . .      Faith    .   (no shield)
rNeg    + . .      Spirit   .   b - +0 leather armour
rPois   inf        Reflect  .   (no helmet)
rElec   +          Harm     .   (no cloak)
rCorr   .          Rampage  .   (no gloves)
Will    .....                   (no boots)
Stlth   +++.......              (no amulet)
HPRegen 0.06/turn               (no ring)
MPRegen 0.08/turn               (no ring)

@: corroded
A: sickness immunity, AC +2, negative energy resistance 1, electricity
resistance, torment resistance 1, petrification resistance
a: no special abilities


You were on level 2 of the Dungeon.
You visited 1 branch of the dungeon, and saw 4 of its levels.

You collected 20 gold pieces.


Innate Abilities, Weirdness & Mutations

You are immune to sickness and miasma.
Your stone body is resilient. (AC +2)
You are immune to poison.
You resist negative energy. (rN+)
You are resistant to electric shocks. (rElec)
You are resistant to unholy torment.
You are immune to petrification.


   Skills:
 - Level 3.2 Fighting
 + Level 2.5 Axes
 - Level 1.5 Dodging
 - Level 5.4 Stealth


You had one spell level left.
You didn't know any spells.
Your spell library was empty.

Inventory:

Hand Weapons
 Y - a +0 hand axe (weapon)
Armour
 b - a +0 leather armour (worn)
Wands
 g - a wand of digging (3)
Potions
 a - 2 potions of curing
 f - a potion of haste
 j - a potion of brilliance {unknown}

Dungeon Overview and Level Annotations

Branches:
Dungeon (5/15)
 Temple: D:4-7

Altars:

Annotations:
D:4 Blork the orc


Message History

Assign waypoint to what number? (0-9, D - delete waypoint) Waypoint 1 re-assigned from D:4 to D:2.
Enter note: You hit the dart slug.
The dart slug is heavily wounded.
The frilled lizard hisses angrily.
You hit the dart slug.
The dart slug is heavily wounded.
The dart slug launches a dart at you. The slug dart misses you.
You hit the dart slug.
The dart slug is almost dead.
The ball python hisses angrily.
A rat comes into view.
The dart slug bites you but does no damage.
The ball python bites you but does no damage.
The ball python closely misses you.
You hit the dart slug.
You kill the dart slug!
You hit the frilled lizard.
You kill the frilled lizard!
You closely miss the ball python.
A jelly comes into view.
The ball python bites you but does no damage.
The ball python grabs you. The ball python constricts you.
You have reached level 2!
You slash the ball python!
You kill the ball python!
You slash the jelly!
Your hands burn!
The jelly is heavily wounded.
The jelly hits you but does no damage.
You hit the jelly.
Your hands burn!
The jelly is heavily wounded.
The jelly hits you. The acid corrodes you!
You are splashed with acid.
You hit the jelly.
Your hands burn!
The jelly is severely wounded.
You hit the rat.
You kill the rat!
The jelly hits you.
You die...

.[.# ... .. #
#.### .# #...#
#..# ..###...#
.....
#......#......
#....%@J......
.........#.....
.####.##?# ...
$.. .. . ##.
... #. .... .
..... .. #.....


You could see a jelly.

Vanquished Creatures
  An ufetubus (D:5)
  A dart slug (D:2)
  A ball python (D:2)
  A frilled lizard (D:2)
  A rat (D:2)
5 creatures vanquished.

Notes
Turn   | Place    | Note
-------+----------+-------------------------------------------
     0 | D:5      | qw the Gargoyle Delver began the quest for the Orb.
     0 | D:5      | Reached XP level 1. HP: 14/14 MP: 1/1
     0 | D:5      | 0 ||| qw: Version: 0.1-a-118-gb4e7ce6
     0 | D:5      | 0 ||| qw: Game counter: 10373
     0 | D:5      | 0 ||| qw: Always use a shield: true
     0 | D:5      | 0 ||| qw: God list: Okawaru
     0 | D:5      | 0 ||| qw: Allow faded altars: false
     0 | D:5      | 0 ||| qw: Do Orc after D:15 true
     0 | D:5      | 0 ||| qw: Do second Lair branch before Depths: true
     0 | D:5      | 0 ||| qw: Lair rune preference: random
     0 | D:5      | 0 ||| qw: Plans: Normal
     0 | D:5      | 0 ||| PLANNING D:1-11
   265 | D:5      | 265 ||| DROPPING ring of wizardry.
   266 | D:5      | 266 ||| READING scroll labelled PECLUT ADUW.
   267 | D:5      | 267 ||| READING scroll labelled TAETAF ONOYKUO.
   268 | D:5      | 268 ||| DROPPING scroll of fog.
   269 | D:5      | 269 ||| DROPPING scroll of magic mapping.
   270 | D:5      | 270 ||| DROPPING scroll of fear.
   288 | D:4      | Noticed Blork the orc
   289 | D:4      | 289 ||| Stepping ~*~*~tactically~*~*~ (hiding).
   390 | D:4      | 390 ||| DRINKING 3 sapphire potions.
   412 | D:3      | 412 ||| READING scroll labelled DETAOS AXKEMUS.
   425 | D:2      | Noticed a jelly
   426 | D:2      | Reached XP level 2. HP: 19/19 MP: 2/2
   430 | D:2      | HP: 2/19 [acid (5)]
   430 | D:2      | Slain by a jelly

Levels and vault maps discovered:
D:2:      layout_rooms, wad_floor_pattern_untrapped, uniq_crazy_yiuf_cottage
D:3:      layout_basic, ebering_ecumenical_altar_petrified
D:4:      layout_loops_ring, kennysheep_potato, uniq_edmund, uniq_blork_the_orc
D:5:      layout_rooms, serial_shops, kennysheep_mini_moat, uniq_grinder

Skill      XL: |  1 |
---------------+----+-----
Axes           | 2 |  2.5
Fighting       | |  3.2
Dodging        | |  1.5
Stealth        | |  5.4

Action                   || total
-------------------------++-------
Melee: Hand axe          ||    19
  Use: Scroll            ||     3
       Potion            ||     1
Armor: Leather armour    ||    14
Dodge: Dodged            ||    23

Table legend:
 A = Non-vault XP
 B = Vault XP
 C = Vault XP percentage of total XP
 D = Non-vault monster count
 E = Vault monster count
 F = Vault count percentage of total count
                 A         B        C        D         E       F
            +---------+---------+-------+---------+---------+-------
      Total |      16 |       0 |   0.0 |       5 |       0 |   0.0
            +---------+---------+-------+---------+---------+-------
        D:2 |       8 |       0 |   0.0 |       4 |       0 |   0.0
        D:5 |       8 |       0 |   0.0 |       1 |       0 |   0.0
            +---------+---------+-------+---------+---------+-------
